 Dungeon Crawl Stone Soup version 0.31-a0-851-g7ff8af7976 (webtiles) character file.

Game seed: 643429030734438656

876 Flugkiller the Skirmisher (level 7, -4/43 HPs)
             Began as a Deep Elf Hunter on Oct 6, 2023.
             Was a Believer of Fedhas.
             Slain by a water moccasin (5 damage)
             ... on level 5 of the Dungeon.
             The game lasted 00:05:21 (5381 turns).

Flugkiller the Skirmisher (Deep Elf Hunter)         Turns: 5381, Time: 00:05:22

Health: -4/43      AC:  3    Str:  8    XL:     7   Next: 74%
Magic:  10/10      EV: 15    Int: 14    God:    Fedhas [**....]
Gold:   268        SH:  0    Dex: 20    Spells: 6/6 levels left

rFire   . . .        d - +0 orcbow
rCold   . . .        (shield currently unavailable)
rNeg    . . .        c - +0 leather armour
rPois   .            (no helmet)
rElec   .            (no cloak)
rCorr   .            (no gloves)
SInv    .            (no boots)
Will    .....        (no amulet)
Stlth   ++           (no ring)
HPRegen 0.27/turn    (no ring)
MPRegen 0.12/turn

%: no passive effects
@: no status effects
A: no striking features
a: Renounce Religion, Wall of Briars


You were on level 5 of the Dungeon.
You worshipped Fedhas.
Fedhas was pleased with you.
You visited 1 branch of the dungeon, and saw 5 of its levels.

You collected 268 gold pieces.

Inventory:

Hand Weapons
 d - a +0 orcbow (weapon)
   (You took it off a centaur on level 4 of the Dungeon)
Armour
 c - a +0 leather armour (worn)
Wands
 s - a wand of iceblast (13)
   (You found it on level 5 of the Dungeon)
 t - a wand of flame (13)
   (You found it on level 5 of the Dungeon)
Scrolls
 a - a scroll of fog {unknown}
 b - a scroll of blinking {unknown}
 e - a scroll of identify {unknown}
 g - a scroll of immolation {unknown}
 i - a scroll of amnesia
 j - a scroll of summoning {unknown}
 l - a scroll of revelation {unknown}
 n - a scroll of brand weapon {unknown}
 o - a scroll of poison {unknown}
 r - a scroll of enchant weapon {unknown}
Potions
 h - a potion of brilliance
 m - a potion of heal wounds {unknown}
 p - a potion of lignification {unknown}
 q - a potion of curing {unknown}


   Skills:
 - Level 4.0 Fighting
 + Level 8.9 Ranged Weapons
 - Level 6.0 Dodging
 - Level 1.2 Stealth
 + Level 2.5 Invocations


You had 6 spell levels left.
You didn't know any spells.
Your spell library contained the following spells:

 Spells                   Type           Power      Damage    Failure   Level
 Cigotuvi's Dreadful Rot  Necr/Pois/Air  0%         N/A       54%         2
 Ignite Poison            Fire/Tmut/Pois 0%         N/A       77%         3
 Freezing Cloud           Conj/Ice/Air   0%         6-21      100%        5


Dungeon Overview and Level Annotations

Branches:
Dungeon (5/15) Zot: 24566
 Temple: D:4-7

Altars:
Dithmenos
Fedhas
Nemelex Xobeh
Yredelemnul


Message History

You shoot an arrow. The arrow hits the ogre!
The ogre is severely wounded.
You shoot an arrow.
The arrow hits the ogre but does no damage.
The ogre is severely wounded.
The ogre hits you with a +0 giant club!!
Ouch! That really hurt!
You are too injured to fight recklessly!
You are too injured to fight recklessly!
There is an open door here.
There is a sparkling altar of Nemelex Xobeh here.
There is an open door here.
There is a stone staircase leading up here.
You climb upwards.
There is a stone staircase leading down here.
There is an open door here.
There is a stone staircase leading down here.
You start resting.
HP restored.
You climb downwards.
There is a stone staircase leading up here.
There is a stone staircase leading up here.
You shoot an arrow. The arrow hits the worm.
The worm is moderately wounded.
You shoot an arrow. The arrow hits the worm.
The worm is moderately wounded.
You shoot an arrow. The arrow hits the worm!
The worm is almost dead.
You shoot an arrow. The arrow hits the worm!
You kill the worm!
Fedhas appreciates your contribution to the ecosystem.
No target in view!
Found a stone staircase leading down.
A water moccasin is nearby!
You shoot an arrow.
The arrow closely misses the water moccasin.
The water moccasin hisses angrily.
You shoot an arrow.
The arrow hits the water moccasin but does no damage.
The water moccasin barely misses you.
You shoot an arrow. The arrow misses the water moccasin.
The water moccasin barely misses you. The water moccasin closely misses you.
You shoot an arrow.
The arrow closely misses the water moccasin.
The water moccasin closely misses you.
You shoot an arrow. The arrow hits the water moccasin!
The water moccasin is heavily wounded.
The water moccasin bites you! The water moccasin closely misses you.
You shoot an arrow.
The arrow barely misses the water moccasin.
The water moccasin bites you.
You shoot an arrow.
The arrow barely misses the water moccasin.
The water moccasin barely misses you.
The water moccasin bites you but does no damage.
You shoot an arrow.
The arrow closely misses the water moccasin.
The water moccasin bites you!
You are too injured to fight recklessly!
You are too injured to fight recklessly!
You are too injured to fight recklessly!
You are too injured to fight recklessly!
You are too injured to fight recklessly!
Fire: d) +0 orcbow
Press: ? - help, Q - select action, (/) - cycle Shift-Dir - straight line, f/p - water moccasin
Aim: a water moccasin (moderately wounded, 46% to hit)
You shoot an arrow.
The arrow closely misses the water moccasin.
The water moccasin bites you! The water moccasin closely misses you.
Fire: d) +0 orcbow
Press: ? - help, Q - select action, (/) - cycle Shift-Dir - straight line, f/p - water moccasin
Aim: a water moccasin (moderately wounded, 46% to hit)
You shoot an arrow. The arrow misses the water moccasin.
The water moccasin bites you!
* * * LOW HITPOINT WARNING * * *
Fire: d) +0 orcbow
Press: ? - help, Q - select action, (/) - cycle Shift-Dir - straight line, f/p - water moccasin
Aim: a water moccasin (moderately wounded, 46% to hit)
You shoot an arrow. The arrow hits the water moccasin!
The water moccasin is almost dead.
The water moccasin bites you.
* * * LOW HITPOINT WARNING * * *
The water moccasin bites you.
* * * LOW HITPOINT WARNING * * *
Okay, then.
Fire: d) +0 orcbow
Press: ? - help, Q - select action, (/) - cycle Shift-Dir - straight line, f/p - water moccasin
Aim: a water moccasin (almost dead, 46% to hit)
You shoot an arrow.
The arrow barely misses the water moccasin.
The water moccasin closely misses you.
Fire: d) +0 orcbow
Press: ? - help, Q - select action, (/) - cycle Shift-Dir - straight line, f/p - water moccasin
Aim: a water moccasin (almost dead, 46% to hit)
You shoot an arrow. The arrow misses the water moccasin.
The water moccasin bites you.
* * * LOW HITPOINT WARNING * * *
The water moccasin bites you.
You die...
Fedhas appreciates your contribution to the ecosystem.

#.......#
#...#####
###..########
#............
#.#†.########
##.#..#
########.....#
#............#
#.##S@#.#....##
# #..#.##.#.#
### #..#....#.#
#~~ ...######.#
##~# ###.# #.#
#..' #.#
#†######.~# #.#
#........~~ ..#
########...
####


You could see a water moccasin.

Vanquished Creatures
  A centaur (D:4)
  A phantom (D:4)
  2 scorpions
  A bullfrog (D:3)
  2 hounds
  3 orc priests
  A jelly (D:5)
  A gnoll bouda (D:5)
  An iguana (D:4)
  An orc wizard (D:4)
  4 gnolls (D:5)
  12 adders
  7 worms
  3 dart slugs
  11 orcs
  5 bats
  10 endoplasms
  6 giant cockroaches
  5 goblins
  7 hobgoblins
  6 jackals
  7 kobolds
  5 quokkas
  3 ball pythons
  6 frilled lizards
  5 rats
116 creatures vanquished.

Vanquished Creatures (others)
  A white imp (D:5)
  2 ufetubi (D:5)
3 creatures vanquished.

Grand Total: 119 creatures vanquished

Notes
Turn   | Place    | Note
-------+----------+-------------------------------------------
     0 | D:1      | Flugkiller the Deep Elf Hunter began the quest for the Orb.
     0 | D:1      | Reached XP level 1. HP: 12/12 MP: 3/3
    92 | D:1      | Reached XP level 2. HP: 16/16 MP: 4/4
   138 | D:1      | Reached skill level 6 in Ranged Weapons
   269 | D:1      | Found a faded altar of an unknown god.
   388 | D:1      | Reached XP level 3. HP: 20/20 MP: 5/5
   737 | D:2      | Reached skill level 7 in Ranged Weapons
  1475 | D:2      | Found a blossoming altar of Fedhas.
  1555 | D:2      | Reached XP level 4. HP: 20/25 MP: 6/6
  1568 | D:2      | Became a worshipper of Fedhas Madash
  1771 | D:3      | HP: 1/25 [orc priest/+0 hand axe (3)]
  1774 | D:3      | Reached skill level 8 in Ranged Weapons
  2364 | D:3      | Reached XP level 5. HP: 27/30 MP: 7/7
  2751 | D:3      | Reached * piety under Fedhas
  2845 | D:3      | Reached XP level 6. HP: 29/38 MP: 8/8
  3275 | D:4      | Reached skill level 5 in Dodging
  3275 | D:4      | Reached XP level 7. HP: 7/43 MP: 9/9
  3340 | D:4      | Reached ** piety under Fedhas
  3945 | D:4      | Found a basalt altar of Yredelemnul.
  4438 | D:5      | Entered Level 5 of the Dungeon
  4481 | D:5      | Reached skill level 1 in Invocations
  4769 | D:5      | Found a shadowy altar of Dithmenos.
  4977 | D:5      | Found a sparkling altar of Nemelex Xobeh.
  5381 | D:5      | HP: 1/43 [water moccasin (4)]
  5381 | D:5      | Slain by a water moccasin

Illustrated notes

Levels and vault maps discovered:
D:1:      dpeg_arrival_simpleton_b, layout_basic,
          shapermc_ecumenical_altar_flowoftime, minmay_hedge_maze
D:2:      layout_basic, basic_altar, amethyst_killhole
D:3:      layout_basic
D:4:      layout_basic, mainiacjoe_overflow_alcove_4, st_stairs_10,
          kennysheep_generic_room_7
D:5:      minmay_opposing_rooms, layout_loops_ring,
          nicolae_dithmenos_shadow_blocks, kennysheep_mini_moat

Skill      XL: |  1  2  3  4  5  6  7 |
---------------+----------------------+-----
Ranged Weapons | 6 7 8 |  8.9
Fighting       | 2 3 4 |  4.0
Dodging        | 5 6 |  6.0
Invocations    | 2 |  2.5
Stealth        | |  1.2

Action                     |  1- 3 |  4- 6 |  7- 9 || total
---------------------------+-------+-------+-------++-------
   Fire: Shortbow          |   148 |   236 |    29 ||   413
         Orcbow            |       |       |    97 ||    97
    Use: Potion            |       |     1 |     2 ||     3
         Scroll            |       |     2 |     5 ||     7
 Armour: Leather armour    |    18 |    52 |    69 ||   139
  Dodge: Dodged            |    34 |    65 |    94 ||   193

Table legend: (Time is in decaauts)
 A = Elapsed time spent in this place.
 B = Non-inter-level travel time spent in this place.
 C = Inter-level travel time spent in this place.
 D = Time resting spent in this place.
 E = Time spent auto-exploring this place.
 F = Levels seen in this place.
 G = Mean time per level.
                   A        B        C        D        E       F      G
               +--------+--------+--------+--------+--------+-----+--------+
         Total |   5432 |   5085 |    347 |   1062 |   3108 |   5 | 1086.4 |
       Dungeon |   5432 |   5085 |    347 |   1062 |   3108 |   5 | 1086.4 |
               +--------+--------+--------+--------+--------+-----+--------+

Top non-repeatable levels by time:
     D:3: 1558 daAuts
     D:4: 1455 daAuts
     D:2: 997 daAuts
     D:5: 763 daAuts
     D:1: 657 daAuts
